 Dungeon Crawl Stone Soup version 0.29.1-14-g9c671dbff4 (webtiles) character file.

Game seed: 16387894078587694477

31 KyoPewz the Sneak (level 3, -5/14 HPs)
             Began as a Felid Enchanter on Feb 17, 2023.
             Engulfed by a cloud of flame (19 damage)
             ... on level 1 of the Dungeon.
             The game lasted 00:09:36 (1049 turns).

KyoPewz the Sneak (Felid Enchanter)                 Turns: 1049, Time: 00:09:37

Health: -5/14      AC:  1    Str:  6    XL:     3   Next: 7%
Magic:  7/7        EV: 21    Int: 22    God:
Gold:   50         SH:  0    Dex: 16    Spells: 4/6 levels left
                                        Lives:  0   Deaths: 0

rFire   . . .      SeeInvis +     - Unarmed
rCold   . . .      Faith    .   (shield unavailable)
rNeg    . . .      Spirit   .   (body armour unavailable)
rPois   .          Reflect  .   (helmet unavailable)
rElec   .          Harm     .   (cloak unavailable)
rCorr   .          Rampage  .   (gloves unavailable)
Will    .....                   (boots unavailable)
Stlth   +++.......              (no amulet)
HPRegen 0.04/turn               d - +6 ring of intelligence
MPRegen 0.10/turn               e - +4 ring of evasion

@: quick
A: very small, claws 1, fangs 3, see invisible, speed 1, shaggy fur 1, stealthy
paws, no weapons or thrown items, no armour, multi-lived
a: no special abilities


You were on level 1 of the Dungeon.
You visited 1 branch of the dungeon, and saw 1 of its levels.

You collected 50 gold pieces.

Inventory:

Jewellery
 d - a +6 ring of intelligence (left paw)
 e - a +4 ring of evasion (right paw)
Scrolls
 b - a scroll of teleportation {unknown}
 c - 2 scrolls of identify {unknown}
 f - a scroll of blinking {unknown}
Potions
 a - a potion of invisibility
 g - a potion of flight {unknown}


   Skills:
 - Level 2.6 Dodging
 + Level 4.6 Stealth
 * Level 2.3 Unarmed Combat
 - Level 2.0 Spellcasting
 - Level 4.4 Hexes
 + Level 0.6 Ice Magic


You had 4 spell levels left.
You knew the following spells:

 Your Spells              Type           Power      Damage    Failure   Level
a - Ensorcelled Hibernat  Hex/Ice        26%        N/A       8%          2

Your spell library contained the following spells:

 Spells                   Type           Power      Damage    Failure   Level
 Confusing Touch          Hex            21%        N/A       7%          3
 Tukima's Dance           Hex            21%        N/A       7%          3
 Dazzling Flash           Conj/Hex       22%        N/A       17%         3


Dungeon Overview and Level Annotations

Branches:
Dungeon (1/15)

Altars:


Innate Abilities, Weirdness & Mutations

You have sharp claws.
You have razor-sharp teeth.
You have supernaturally acute eyesight. (SInv)
You cover ground quickly. (Speed+)
You are covered in fur. (AC +1)
Your paws help you pounce on unaware monsters.
You are incapable of wielding weapons or throwing items.
You cannot wear armour.
You gain extra lives every three experience levels.


Message History

Your experience leads to an increase in your attributes!
Your base attributes are Str 4, Int 16, Dex 16.
Increase (S)trength, (I)ntelligence, or (D)exterity?
You feel stronger. x2
Items here: ( ) ††††.
You scratch the jackal.
You kill the jackal!
You start resting.
You flicker for a moment.
You start resting.
A bat is nearby!
You see here a jackal corpse.
You start resting.
You flicker back into view.
You start resting.
Magic restored.
You start resting.
A bat is nearby!
You see here a jackal corpse.
No target in view!
The bat misses you. The bat barely misses you. The bat misses you.
You closely miss the bat. The bat misses you.
You closely miss the bat. The bat completely misses you.
The bat closely misses you.
You closely miss the bat. The bat closely misses you. The bat hits you.
You scratch the bat.
You kill the bat!
No target in view!
HP restored.
Items here: ( ) ÷÷÷÷.
c - 2 scrolls labelled VAACE PAIG ZYW (gained 1)
f - a scroll labelled LUFUBL QIABLASKA
Found a smoky inky potion.
Found 28 gold pieces.
g - a smoky inky potion
Found 12 gold pieces.
You are engulfed in blazing flames.
Ouch! That really hurt!
You die...

......#...# ...#
.... ####+#
.....##.### ...# #
..# #.) ........#
..##. ..# .# ###
######### ...##.#♣.♣
#### ....#♣.♣##...
####...♣.♣.....
####..............
#...#####.......#.
#@☼☼# #.........
#°§°# #.........
#○§§# #.........
#...# ###.........
.$$....☼.......♣.♣
○.$.$.§☼○.......>..
☼☼...$.§.☼.......♣.♣
##...###########..#
♣.♣


There were no monsters in sight!

Vanquished Creatures
  An endoplasm (D:1)
  A giant cockroach (D:1)
  3 goblins (D:1)
  4 hobgoblins (D:1)
  6 jackals (D:1)
  2 kobolds (D:1)
  A quokka (D:1)
  2 ball pythons (D:1)
  3 bats (D:1)
  A frilled lizard (D:1)
  3 rats (D:1)
27 creatures vanquished.

Vanquished Creatures (others)
  A vine stalker (D:1)
  2 elves (D:1)
  A merfolk (D:1)
  A troll (D:1)
  A vampire (D:1)
  A demigod (D:1)
  2 tengu (D:1)
  A felid (D:1)
  A mummy (D:1)
  A kobold (D:1)
  4 tentacles (D:1)
16 creatures vanquished.

Grand Total: 43 creatures vanquished

Notes
Turn   | Place    | Note
-------+----------+-------------------------------------------
     0 | D:1      | KyoPewz the Felid Enchanter began the quest for the Orb.
     0 | D:1      | Reached XP level 1. HP: 7/7 MP: 4/4
     0 | D:1      | Noticed a merfolk
     0 | D:1      | Noticed a tengu
     0 | D:1      | Noticed a demigod
     0 | D:1      | Noticed an elf
     0 | D:1      | Noticed a felid
     0 | D:1      | Noticed a kraken
     0 | D:1      | Noticed a troll
     0 | D:1      | Noticed an elf
     0 | D:1      | Noticed a vine stalker
     0 | D:1      | Noticed a tengu
     0 | D:1      | Noticed a vampire
     5 | D:1      | Killed a troll
     6 | D:1      | Killed a demigod
     7 | D:1      | Killed a tengu
     7 | D:1      | Killed a vampire
     7 | D:1      | Killed a tengu
     7 | D:1      | Killed an elf
     9 | D:1      | Killed an elf
    10 | D:1      | Killed a merfolk
    12 | D:1      | Killed a felid
    13 | D:1      | Killed a vine stalker
   447 | D:1      | Reached XP level 2. HP: 9/11 MP: 6/6
   450 | D:1      | Learned a level 2 spell: Ensorcelled Hibernation
   804 | D:1      | Reached XP level 3. HP: 6/14 MP: 1/7
  1049 | D:1      | Engulfed by a cloud of flame

Illustrated notes

Levels and vault maps discovered:
D:1:      nicolae_arrival_kraken_aquarium_a, layout_basic, serial_forest,
          infiniplex_forest_lined_2, infiniplex_forest_lined_room_3,
          infiniplex_forest_corner_1, infiniplex_forest_straight_1,
          infiniplex_forest_clump_tiny, lemuel_flame_loot_1

Skill      XL: |  1  2 |
---------------+-------+-----
Unarmed Combat | 2 |  2.3
Dodging        | |  2.6
Stealth        | |  4.6
Spellcasting   | |  2.0
Hexes          | |  4.4
Ice Magic      | |  0.6

Action                   || total
-------------------------++-------
Melee: Unarmed           ||    75
       Bite              ||     8
       Punch             ||     1
 Cast: Ensorcelled Hiber ||     3
  Use: Potion            ||     1
 Stab: Distracted        ||     1
       Sleeping          ||     7
       Invisible         ||     1
Armor: Skin              ||     4
Dodge: Dodged            ||    58
